TOP OF THE 1ST |
Hialeah Dodos batting - Pitching for Hamilton Coyotes : LHP Yusuke Chikafuji
|
Pitching: LHP Yusuke Chikafuji
|
|
Batting: RHB Jorge Salgado
|
0-0: Ball 1-0: Foul Ball, location: 2F 1-1: Ball 2-1: Ball 3-1: Called Strike 3-2: Foul Ball, location: 2F 3-2: Foul Ball, location: 2F 3-2: Base on Balls
|
Batting: SHB Javier Gonzáles
|
0-0: Ball 1-0: Ball 2-0: Ball 3-0: Called Strike 3-1: Base on Balls Jorge Salgado to second
|
Batting: RHB Aurelio Álvarez
|
0-0: Fly out, F9 (Flyball, 89D) Runner from 2nd tags up, SAFE at 3rd, no throw
|
Batting: RHB Clarence Weber
|
0-0: Ball Throwing error on steal attempt, E2 Jorge Salgado scores Javier Gonzáles to third 1-0: Called Strike 1-1: SINGLE (Flyball, 9LS) Javier Gonzáles scores
|
Batting: RHB Lorenzo Ramírez
|
0-0: Ball 1-0: Called Strike 1-1: SINGLE (Line Drive, 6MD) Clarence Weber to second
|
Batting: LHB Errol Levick
|
0-0: Ball 1-0: Swinging Strike 1-1: Ball 2-1: Ball 3-1: Base on Balls Clarence Weber to third Lorenzo Ramírez to second
|
Batting: RHB Jack Head
|
0-0: Ball 1-0: Ball 2-0: Ball 3-0: Base on Balls Clarence Weber scores Lorenzo Ramírez to third Errol Levick to second
|
Batting: LHB Kendrick Sullivan
|
0-0: Ball 1-0: Ball 2-0: Ball 3-0: Called Strike 3-1: Fly out, F4 (Popup, 4MS)
|
Batting: RHB Robert Emmet Odlum
|
0-0: Ball 1-0: Foul Ball, location: 2F 1-1: Ball 2-1: Fly out, F9 (Line Drive, 9)
|
Top of the 1st over - 3 runs, 2 hits, 1 error, 3 left on base; Hialeah 3 - Hamilton 0 |
BOTTOM OF THE 1ST |
Hamilton Coyotes batting - Pitching for Hialeah Dodos : LHP John Wallbank
|
Pitching: LHP John Wallbank
|
|
Batting: LHB Ken Stroud
|
0-0: Swinging Strike 0-1: Fly out, F8 (Flyball, 89M)
|
Batting: RHB Pancho Rodríguez
|
0-0: Called Strike 0-1: Ball 1-1: Ball 2-1: Called Strike 2-2: Strikes out swinging
|
Batting: RHB EP Weston
|
0-0: Ball 1-0: Called Strike 1-1: Foul Ball, location: 2F 1-2: Ball 2-2: Strikes out swinging
|
Bottom of the 1st over - 0 runs, 0 hits, 0 errors, 0 left on base; Hialeah 3 - Hamilton 0 |
TOP OF THE 2ND |
Hialeah Dodos batting - Pitching for Hamilton Coyotes : LHP Yusuke Chikafuji
|
Batting: RHB Jorge Salgado
|
0-0: Ball 1-0: Called Strike 1-1: Called Strike 1-2: Ball 2-2: Ball 3-2: SINGLE (Groundball, 6MD)
|
Batting: SHB Javier Gonzáles
|
0-0: Hit by Pitch Jorge Salgado to second
|
Batting: RHB Aurelio Álvarez
|
0-0: Ball 1-0: Ball 2-0: Called Strike Jorge Salgado is caught stealing 3rd base 2-1: Called Strike 2-2: Ball 3-2: Grounds into double play, 5-4-3 (Groundball, 56)
|
Top of the 2nd over - 0 runs, 1 hit, 0 errors, 0 left on base; Hialeah 3 - Hamilton 0 |
BOTTOM OF THE 2ND |
Hamilton Coyotes batting - Pitching for Hialeah Dodos : LHP John Wallbank
|
Batting: RHB Clarence Neal
|
0-0: Called Strike 0-1: SOLO HOME RUN (Flyball, 89D), Distance : 358 ft
|
Batting: RHB Dani Trejo
|
0-0: Swinging Strike 0-1: Called Strike 0-2: Ball 1-2: Strikes out swinging
|
Batting: RHB Zack McLean
|
0-0: Called Strike 0-1: Ball 1-1: Ground out 4-3 (Groundball, 4)
|
Batting: SHB Martín Marrero
|
0-0: Ball 1-0: Foul Ball, location: 2F 1-1: Ball 2-1: Ball 3-1: Foul Ball, location: 2F 3-2: Foul Ball, location: 2F 3-2: Fly out, F7 (Flyball, 7)
|
Bottom of the 2nd over - 1 run, 1 hit, 0 errors, 0 left on base; Hialeah 3 - Hamilton 1 |
TOP OF THE 3RD |
Hialeah Dodos batting - Pitching for Hamilton Coyotes : LHP Yusuke Chikafuji
|
Batting: RHB Clarence Weber
|
0-0: Ball 1-0: Ball 2-0: Ball 3-0: Called Strike 3-1: Swinging Strike 3-2: Foul Ball, location: 2F 3-2: Base on Balls
|
Batting: RHB Lorenzo Ramírez
|
0-0: Called Strike 0-1: Swinging Strike 0-2: Ball 1-2: Fly out, F4 (Popup, 34D)
|
Batting: LHB Errol Levick
|
0-0: Ball 1-0: Ball Clarence Weber steals 2nd base 2-0: Swinging Strike 2-1: Ball 3-1: Base on Balls
|
Batting: RHB Jack Head
|
0-0: Ball 1-0: Swinging Strike 1-1: SINGLE (Groundball, 6MD) Clarence Weber to third Errol Levick to second
|
Batting: LHB Kendrick Sullivan
|
0-0: Ball 1-0: Called Strike 1-1: Ball 2-1: Ball 3-1: Base on Balls Clarence Weber scores Errol Levick to third Jack Head to second
|
Batting: RHB Robert Emmet Odlum
|
0-0: Ball 1-0: Ball 2-0: Grounds into double play, 5-4-3 (Groundball, 56)
|
Top of the 3rd over - 1 run, 1 hit, 0 errors, 2 left on base; Hialeah 4 - Hamilton 1 |
BOTTOM OF THE 3RD |
Hamilton Coyotes batting - Pitching for Hialeah Dodos : LHP John Wallbank
|
Batting: RHB Gerald Mills
|
0-0: Ball 1-0: Ball 2-0: Ball 3-0: Called Strike 3-1: Ground out 6-3 (Groundball, 56)
|
Batting: RHB Tomás Bermúdez
|
0-0: Ball 1-0: Ground out 3-1 (Groundball, 34)
|
Batting: LHB Ken Stroud
|
0-0: Ground out U3 (Groundball, 3)
|
Bottom of the 3rd over - 0 runs, 0 hits, 0 errors, 0 left on base; Hialeah 4 - Hamilton 1 |
TOP OF THE 4TH |
Hialeah Dodos batting - Pitching for Hamilton Coyotes : LHP Yusuke Chikafuji
|
Batting: RHB Jorge Salgado
|
0-0: Foul Ball, location: 2F 0-1: Swinging Strike 0-2: Ball 1-2: Foul Ball, location: 2F 1-2: Ball 2-2: Ball 3-2: Base on Balls
|
Batting: SHB Javier Gonzáles
|
0-0: Called Strike 0-1: Ball 1-1: Fielders Choice at 2nd, 6-4 (Groundball, 6)
|
Batting: RHB Aurelio Álvarez
|
0-0: Grounds into double play, 5-4-3 (Groundball, 56)
|
Top of the 4th over - 0 runs, 0 hits, 0 errors, 0 left on base; Hialeah 4 - Hamilton 1 |
BOTTOM OF THE 4TH |
Hamilton Coyotes batting - Pitching for Hialeah Dodos : LHP John Wallbank
|
Batting: RHB Pancho Rodríguez
|
0-0: Ball 1-0: Ball 2-0: Ball 3-0: Called Strike 3-1: Called Strike 3-2: Base on Balls
|
Batting: RHB EP Weston
|
0-0: Foul Ball, location: 2F 0-1: Foul Ball, location: 2F 0-2: Ball Pancho Rodríguez steals 2nd base 1-2: SINGLE (Groundball, 34D) Pancho Rodríguez to third Runner from 3rd tries for Home, SAFE, no throw
|
Batting: RHB Clarence Neal
|
0-0: Ball Passed Ball! EP Weston to second 1-0: Foul Ball, location: 2F 1-1: Ball 2-1: SINGLE (Flyball, 89M) EP Weston to third
|
Batting: RHB Dani Trejo
|
0-0: Called Strike 0-1: Swinging Strike 0-2: Strikes out swinging
|
Batting: RHB Zack McLean
|
0-0: Ball 1-0: Ball 2-0: Called Strike 2-1: Ball 3-1: Fly out, F1 (Line Drive, 13)
|
Batting: SHB Martín Marrero
|
0-0: Called Strike 0-1: Ball 1-1: Swinging Strike 1-2: Foul Ball, location: 2F 1-2: Fly out, F8 (Flyball, 8RM)
|
Bottom of the 4th over - 1 run, 2 hits, 0 errors, 2 left on base; Hialeah 4 - Hamilton 2 |
TOP OF THE 5TH |
Hialeah Dodos batting - Pitching for Hamilton Coyotes : LHP Yusuke Chikafuji
|
Batting: RHB Clarence Weber
|
0-0: SOLO HOME RUN (Line Drive, 8LD), Distance : 427 ft
|
Pitching: RHP Ed Maresh
|
|
Batting: RHB Lorenzo Ramírez
|
0-0: Reached on error, E6 (Groundball, 6)
|
Batting: LHB Errol Levick
|
0-0: Called Strike 0-1: Ball 1-1: Ball 2-1: Foul Ball, location: 2F 2-2: Ball 3-2: Foul Ball, location: 2F 3-2: Foul Ball, location: 2F 3-2: Fly out, F9 (Flyball, 9LM)
|
Batting: RHB Jack Head
|
0-0: Foul Ball, location: 2F 0-1: Ball 1-1: Foul Ball, location: 2F 1-2: Ball 2-2: Ground out 5-3 (Groundball, 56S) Lorenzo Ramírez to third
|
Batting: LHB Kendrick Sullivan
|
0-0: Called Strike 0-1: Ball 1-1: Ball 2-1: DOUBLE (Line Drive, 89XD) Lorenzo Ramírez scores
|
Batting: RHB Robert Emmet Odlum
|
0-0: Swinging Strike 0-1: Ground out 6-3 (Groundball, 6D)
|
Top of the 5th over - 2 runs, 2 hits, 1 error, 1 left on base; Hialeah 6 - Hamilton 2 |
BOTTOM OF THE 5TH |
Hamilton Coyotes batting - Pitching for Hialeah Dodos : LHP John Wallbank
|
Batting: RHB Gerald Mills
|
0-0: Ball 1-0: Ball 2-0: Called Strike 2-1: Called Strike 2-2: Strikes out looking
|
Batting: RHB Tomás Bermúdez
|
0-0: Foul Ball, location: 2F 0-1: Foul Ball, location: 2F 0-2: Foul Ball, location: 2F 0-2: Ground out 5-3 (Groundball, 56)
|
Batting: LHB Ken Stroud
|
0-0: Swinging Strike 0-1: Ball 1-1: Swinging Strike 1-2: Ball 2-2: Foul Ball, location: 2F 2-2: Ball 3-2: Strikes out looking
|
Bottom of the 5th over - 0 runs, 0 hits, 0 errors, 0 left on base; Hialeah 6 - Hamilton 2 |
TOP OF THE 6TH |
Hialeah Dodos batting - Pitching for Hamilton Coyotes : RHP Ed Maresh
|
Batting: RHB Jorge Salgado
|
0-0: Ball 1-0: Ball 2-0: Ball 3-0: Called Strike 3-1: Ground out U3 (Groundball, 34S)
|
Batting: SHB Javier Gonzáles
|
0-0: Ground out 4-3 (Groundball, 4)
|
Batting: RHB Aurelio Álvarez
|
0-0: Called Strike 0-1: Swinging Strike 0-2: Ball 1-2: Ball 2-2: Strikes out swinging
|
Top of the 6th over - 0 runs, 0 hits, 0 errors, 0 left on base; Hialeah 6 - Hamilton 2 |
BOTTOM OF THE 6TH |
Hamilton Coyotes batting - Pitching for Hialeah Dodos : LHP John Wallbank
|
Batting: RHB Pancho Rodríguez
|
0-0: Swinging Strike 0-1: Fly out, F7 (Flyball, 7LD)
|
Batting: RHB EP Weston
|
0-0: Ball 1-0: Ball 2-0: Ball 3-0: Called Strike 3-1: SINGLE (Flyball, 7S)
|
Batting: RHB Clarence Neal
|
0-0: Foul Ball, location: 2F 0-1: Ball 1-1: Ball 2-1: Fly out, F7 (Flyball, 7D)
|
Batting: RHB Dani Trejo
|
0-0: Foul Ball, location: 2F 0-1: Fly out, F8 (Flyball, 8LD)
|
Bottom of the 6th over - 0 runs, 1 hit, 0 errors, 1 left on base; Hialeah 6 - Hamilton 2 |
TOP OF THE 7TH |
Hialeah Dodos batting - Pitching for Hamilton Coyotes : RHP Ed Maresh
|
Batting: RHB Clarence Weber
|
0-0: Ball 1-0: Foul Ball, location: 2F 1-1: Ball 2-1: Ball 3-1: Base on Balls
|
Batting: RHB Lorenzo Ramírez
|
0-0: Called Strike 0-1: Ball 1-1: Ball 2-1: Grounds into double play, 4-6-3 (Groundball, 4)
|
Batting: LHB Errol Levick
|
0-0: Ball 1-0: Ball 2-0: Ball 3-0: Called Strike 3-1: Called Strike 3-2: Strikes out looking
|
Top of the 7th over - 0 runs, 0 hits, 0 errors, 0 left on base; Hialeah 6 - Hamilton 2 |
BOTTOM OF THE 7TH |
Hamilton Coyotes batting - Pitching for Hialeah Dodos : LHP John Wallbank
|
Batting: RHB Zack McLean
|
0-0: DOUBLE (Line Drive, 8RXD)
|
Batting: SHB Martín Marrero
|
0-0: Foul Ball, location: 2F 0-1: Ball 1-1: Ball 2-1: Ground out 5-3 (Groundball, 5)
|
Batting: RHB Gerald Mills
|
0-0: Ball 1-0: Ball 2-0: Fly out, F9 (Flyball, 89S)
|
Batting: RHB Tomás Bermúdez
|
0-0: Ground out 5-3 (Groundball, 56)
|
Bottom of the 7th over - 0 runs, 1 hit, 0 errors, 1 left on base; Hialeah 6 - Hamilton 2 |
TOP OF THE 8TH |
Hialeah Dodos batting - Pitching for Hamilton Coyotes : RHP Ed Maresh
|
Pitching: RHP Jesús Lara
|
|
Batting: RHB Jack Head
|
0-0: Called Strike 0-1: Fly out, F4 (Popup, 34S)
|
Batting: LHB Kendrick Sullivan
|
0-0: Ball 1-0: Ball 2-0: DOUBLE (Groundball, 3L)
|
Batting: RHB Robert Emmet Odlum
|
0-0: Swinging Strike 0-1: Ball 1-1: Swinging Strike 1-2: Ball 2-2: Strikes out swinging
|
Batting: RHB Jorge Salgado
|
0-0: Ball 1-0: Ball 2-0: Foul Ball, location: 2F 2-1: Swinging Strike 2-2: Fly out, F4 (Popup, 34)
|
Top of the 8th over - 0 runs, 1 hit, 0 errors, 1 left on base; Hialeah 6 - Hamilton 2 |
BOTTOM OF THE 8TH |
Hamilton Coyotes batting - Pitching for Hialeah Dodos : LHP John Wallbank
|
Batting: LHB Ken Stroud
|
0-0: Called Strike 0-1: Ball 1-1: SINGLE (Groundball, 34D)
|
Batting: RHB Pancho Rodríguez
|
0-0: Foul Ball, location: 2F 0-1: Foul Ball, location: 2F 0-2: Grounds into double play, 5-4-3 (Groundball, 5L)
|
Batting: RHB EP Weston
|
0-0: Called Strike 0-1: Ball 1-1: Ball 2-1: Called Strike 2-2: Ball 3-2: Strikes out looking
|
Bottom of the 8th over - 0 runs, 1 hit, 0 errors, 0 left on base; Hialeah 6 - Hamilton 2 |
TOP OF THE 9TH |
Hialeah Dodos batting - Pitching for Hamilton Coyotes : RHP Jesús Lara
|
Batting: SHB Javier Gonzáles
|
0-0: Called Strike 0-1: Ball 1-1: Ball 2-1: Swinging Strike 2-2: Strikes out looking
|
Batting: RHB Aurelio Álvarez
|
0-0: Called Strike 0-1: Fly out, F3 (Popup, 3)
|
Batting: RHB Clarence Weber
|
0-0: Ball 1-0: Ball 2-0: Foul Ball, location: 2F 2-1: Fly out, F7 (Line Drive, 78M)
|
Top of the 9th over - 0 runs, 0 hits, 0 errors, 0 left on base; Hialeah 6 - Hamilton 2 |
BOTTOM OF THE 9TH |
Hamilton Coyotes batting - Pitching for Hialeah Dodos : LHP John Wallbank
|
Batting: RHB Clarence Neal
|
0-0: Called Strike 0-1: Ball 1-1: Ball 2-1: Ball 3-1: Base on Balls
|
Pitching: RHP Lindsay Novak
|
|
Batting: RHB Dani Trejo
|
0-0: Ball 1-0: Called Strike 1-1: Foul Ball, location: 2F 1-2: Ball 2-2: Ball 3-2: Foul Ball, location: 2F 3-2: Foul Ball, location: 2F 3-2: DOUBLE (Flyball, 78XD) Clarence Neal to third
|
Pitching: LHP Urs Ehles
|
|
Batting: RHB Zack McLean
|
0-0: Ball 1-0: Foul Ball, location: 2F 1-1: Ball 2-1: Called Strike 2-2: Foul Ball, location: 2F 2-2: Foul Ball, location: 2F 2-2: Strikes out swinging
|
Batting: SHB Martín Marrero
|
0-0: Ball 1-0: SINGLE (Groundball, 23) (infield hit) Clarence Neal scores Dani Trejo to third
|
Batting: RHB Gerald Mills
|
0-0: Ball 1-0: Ball 2-0: Ball 3-0: Foul Ball, location: 2F 3-1: Base on Balls Martín Marrero to second
|
Pinch Hitting: RHB Warren Martin
|
0-0: Ball 1-0: Called Strike 1-1: Foul Ball, location: 2F 1-2: Ground out 4-3 (Groundball, 6M) Dani Trejo scores Martín Marrero to third Gerald Mills to second
|
Batting: LHB Ken Stroud
|
0-0: Ball 1-0: Ball 2-0: Called Strike 2-1: Ball 3-1: Foul Ball, location: 2F 3-2: Strikes out looking
|
Bottom of the 9th over - 2 runs, 2 hits, 0 errors, 2 left on base; Hialeah 6 - Hamilton 4 |
|